 Dungeon Crawl Stone Soup version 0.20-a0-548-g4f8a798 (webtiles) character file.

50 Amnesiac the Twirler (level 3, -2/27 HPs)
             Began as a Mummy Gladiator on Feb 1, 2017.
             Was an Initiate of Gozag.
             Slain by a gnoll
             ... wielding a +0 halberd
              (13 damage)
             ... on level 4 of the Dungeon.
             The game lasted 00:01:34 (1146 turns).

Amnesiac the Twirler (Mummy Gladiator)              Turns: 1146, Time: 00:01:36

Health: -2/27      AC:  4    Str: 17    XL:     3   Next: 55%
Magic:  3/3        EV: 12    Int:  7    God:    Gozag
Gold:   1          SH:  0    Dex: 14    Spells: 2/2 levels left

rFire    x . .     SeeInvis .   a - +0 quarterstaff
rCold    + . .     Gourm    .   b - +0 leather armour
rNeg     + + +     Faith    .   (shield currently unavailable)
rPois    ∞         Spirit   .   c - +0 helmet
rElec    .         Reflect  .   (no cloak)
rCorr    .         Harm     .   (no gloves)
MR       .....                  (no boots)
Stlth    +.........             (no amulet)
Regen    0.1/turn               (no ring)
                                (no ring)

@: no status effects
A: no food or potions, fire vulnerability, cold resistance 1, negative energy
resistance 3, torment resistance, unbreathing
a: Potion Petition, Call Merchant, Bribe Branch, Renounce Religion


You were on level 4 of the Dungeon.
You worshipped Gozag.
Gozag was noncommittal.
You were not hungry.

You visited 2 branches of the dungeon, and saw 5 of its levels.

You collected 47 gold pieces.
You paid 46 gold pieces to Gozag.

Inventory:

Hand Weapons
 a - a +0 quarterstaff (weapon)
Missiles
 d - 3 throwing nets (quivered)
Armour
 b - a +0 leather armour (worn)
 c - a +0 helmet (worn)
Scrolls
 e - a scroll of identify {unknown}
 f - a scroll of noise {unknown}
 g - a scroll of remove curse {unknown}


   Skills:
 - Level 2.0 Fighting
 + Level 3.8 Staves
 - Level 1.5 Throwing
 - Level 2.4 Dodging


You had 2 spell levels left.
You didn't know any spells.

Dungeon Overview and Level Annotations

Branches:
Dungeon (4/15)             Temple (1/1) D:4

Altars:
Elyvilon
Fedhas
Gozag
Hepliaklqana
Makhleb
Nemelex Xobeh
Qazlal
Ru
Sif Muna
Trog
Vehumet


Innate Abilities, Weirdness & Mutations

You do not eat or drink.
Your flesh is vulnerable to fire.
You are immune to poison.
Your flesh is cold resistant. (rC+)
You are immune to negative energy. (rN+++)
You are immune to unholy pain and torment.
You can survive without breathing.


Message History

There is a staircase back to the Dungeon here.
You climb upwards.
Welcome back to the Dungeon!
You hear the sound of rushing water.
There is an entrance to a sewer on this level.
Hurry and find it before the portal rusts away!
You hear the rusting of a very distant drain.
There is a staircase to the Ecumenical Temple here.
There is a fountain of clear blue water here.
Found a stone staircase leading down.
A gnoll comes into view. It is wielding a halberd.
The gnoll shouts! 2 gnolls come into view.
You start resting.
You hit the gnoll.
The gnoll is lightly wounded.
The gnoll hits you with a halberd!
You hit the gnoll.
The gnoll is moderately wounded.
The gnoll hits you with a halberd!
You die...
Your body crumbles into a pile of gold.

#.# #. ..g ...
#.###.. #.#
#......##g#
#..#.#.##.###.#
.......##.....#
# #....##.#####
#>#.#..##.#
#.#....@#.#
#.......g.#
##.#.#.####
#.....# ###..##
#...#####
#.......#
#.8.8.8.#
########..⌠.⌠..#


You could see a gnoll shaman (wandering) and a gnoll.

Vanquished Creatures
  A hound (D:4)
  A dart slug (D:1)
  3 bats (D:1)
  A giant cockroach (D:3)
  5 hobgoblins
  A quokka (D:3)
  A frilled lizard (D:2)
  6 rats
19 creatures vanquished.

Notes
Turn   | Place    | Note
-------+----------+-------------------------------------------
     0 | D:1      | Amnesiac the Mummy Gladiator began the quest for the Orb.
     0 | D:1      | Reached XP level 1. HP: 16/16 MP: 1/1
   262 | D:1      | Reached XP level 2. HP: 9/22 MP: 2/2
   265 | D:1      | Reached skill level 3 in Staves
   828 | D:4      | Noticed a phantom
  1058 | D:4      | Found a staircase to the Ecumenical Temple.
  1067 | D:4      | Reached XP level 3. HP: 11/27 MP: 3/3
  1077 | Temple   | Entered the Ecumenical Temple
  1097 | Temple   | Became a worshipper of Gozag Ym Sagoz the Greedy
  1146 | D:4      | Slain by a gnoll

Vault maps used:
D:1:      elethiomel_arrival_fortress_basement
D:2:      chequers_ecumenical_altar_twisty
D:3:      lemuel_doored_altar, first_bread, kennysheep_generic_room_2
D:4:      cheibrodos_helix_gallery, minmay_temple_entry_statues_fountains,
          portal_sewer_entry_d, corexii_shack, minmay_misc_feat_five
Temple:   minmay_temple_bridge_abc

Skill      XL: |  1  2 |
---------------+-------+-----
Staves         | 3 |  3.8
Fighting       | |  2.0
Throwing       | |  1.5
Dodging        | |  2.4

Action                   || total
-------------------------++-------
Melee: Quarterstaff      ||    68
Armor: Leather armour    ||    16
Dodge: Dodged            ||    46
